 Dungeon Crawl Stone Soup version 0.29.1-15-g9cfb28693d (webtiles) character file.

Game seed: 10568041708660158615

109942 GeoRichter the Impaler (level 16, -10/126 HPs)
             Began as a Merfolk Monk on Mar 24, 2023.
             Was the Champion of Hepliaklqana.
             Killed from afar by Jorgrun (35 damage)
             ... with an iron shot
             ... on level 1 of the Swamp.
             The game lasted 00:58:27 (30283 turns).

GeoRichter the Impaler (Merfolk Monk)              Turns: 30283, Time: 00:58:28

Health: -10/126    AC: 19    Str: 14    XL:     16   Next: 53%
Magic:  11/11      EV: 26    Int: 10    God:    Hepliaklqana [******]
Gold:   968        SH:  0    Dex: 29    Spells: 15/15 levels left

rFire   + . .      SeeInvis .   a - +7 glaive of Xoetai {vamp, rC+ rN++ MP-9 Str+2}
rCold   + + .      Faith    .   (shield currently unavailable)
rNeg    + + .      Spirit   .   F - +4 ring mail {Will+}
rPois   +          Reflect  .   q - +2 helmet
rElec   .          Harm     .   C - +1 cloak {Stlth+}
rCorr   .          Rampage  .   r - +0 pair of gloves
Will    ++...                   (boots currently unavailable)
Stlth   ++++......              D - amulet of regeneration
HPRegen 1.11/turn               U - ring "Pale" {rF+ rC+ Dex+6}
MPRegen 0.12/turn               x - ring of poison resistance

@: grasped by roots, hasted, constricted, very quick
A: reduced essence, nimble swimmer 2, mertail, iridescent scales 1, wild magic 1
a: Renounce Religion, Recall Ancestor, Ancestor Identity, Transference, Idealise


You were on level 1 of the Swamp.
You worshipped Hepliaklqana.
Hepliaklqana was exalted by your worship.
You visited 4 branches of the dungeon, and saw 23 of its levels.
You also visited: Bailey, Ice Cave and Volcano.

You collected 3885 gold pieces.
You spent 2917 gold pieces at shops.

Inventory:

Hand Weapons
 a - the +7 glaive of Xoetai (weapon) {vamp, rC+ rN++ MP-9 Str+2}
   (You acquired it on level 1 of the Lair of Beasts)

   It occasionally heals its wielder for a portion of the damage dealt when it
   wounds a living foe.
   Str:       It affects your strength (+2).
   rC:        It protects you from cold.
   rN:        It greatly protects you from negative energy.
   MP:        It affects your magic capacity (-9).
 b - a +2 demon blade of freezing
   (You found it in a volcano)
Missiles
 V - 5 javelins (quivered)
 Y - 2 throwing nets {!f}
Armour
 m - a +0 pair of boots (melded)
   (You found it on level 2 of the Dungeon)
 q - a +2 helmet (worn)
   (You bought it in a shop on level 7 of the Dungeon)
 r - a +0 pair of gloves (worn)
   (You found it on level 3 of the Dungeon)
 C - a +1 cloak of stealth (worn)
   (You took it off Crazy Yiuf on level 3 of the Dungeon)
 F - a +4 ring mail of willpower (worn)
   (You took it off Duvessa on level 5 of the Dungeon)
Jewellery
 s - the ring of Sloth {Drain Fly rF+ Str+6}
   (You acquired it on level 1 of the Swamp)

   [ring of flight]

   Str:       It affects your strength (+6).
   rF:        It protects you from fire.
   Fly:       It grants you flight.
   Drain:     It drains your maximum health when unequipped.
 x - a ring of poison resistance (right hand)
   (You took it off a hobgoblin on level 3 of the Dungeon)
 D - an amulet of regeneration (around neck)
   (You bought it in a shop on level 6 of the Dungeon)
 O - the ring of Tayrubyxe {Drain rElec Str+6 Int+4}
   (You found it on level 7 of the Dungeon)

   [ring of strength]

   Str:       It affects your strength (+6).
   Int:       It affects your intelligence (+4).
   rElec:     It insulates you from electricity.
   Drain:     It drains your maximum health when unequipped.
 T - a ring of resist corrosion
   (You found it on level 8 of the Dungeon)
 U - the ring "Pale" (left hand) {rF+ rC+ Dex+6}
   (You acquired it on level 4 of the Lair of Beasts)

   [ring of dexterity]

   Dex:       It affects your dexterity (+6).
   rF:        It protects you from fire.
   rC:        It protects you from cold.
 W - a ring of see invisible
   (You found it on level 1 of the Swamp)
Wands
 f - a wand of acid (34)
   (You found it in an ice cave)
 A - a wand of polymorph (6)
   (You found it on level 1 of the Lair of Beasts)
 G - a wand of charming (13)
   (You found it on level 5 of the Dungeon)
 K - a wand of roots (12)
   (You took it off Robin on level 3 of the Dungeon)
 L - a wand of digging (5)
   (You found it on level 6 of the Dungeon)
Scrolls
 e - 3 scrolls of noise {!r}
 h - 8 scrolls of fear
 i - 7 scrolls of poison
 j - 2 scrolls of enchant armour
 p - 3 scrolls of immolation {!r}
 u - 2 scrolls of silence
 w - a scroll of brand weapon
 y - 2 scrolls of fog
 z - 2 scrolls of torment {!r}
 P - 9 scrolls of teleportation {@r4}
 Q - 7 scrolls of magic mapping
 R - 5 scrolls of identify {@r1}
 S - 2 scrolls of amnesia
 X - a scroll of enchant weapon
Potions
 c - a potion of ambrosia
 g - 5 potions of magic
 k - a potion of attraction {unknown}
 l - 3 potions of berserk rage
 n - 2 potions of brilliance
 o - 3 potions of resistance
 t - 6 potions of haste {@q3}
 v - a potion of flight
 B - 2 potions of mutation {!q}
 E - 5 potions of curing {@q1}
 H - 2 potions of might
 I - 3 potions of cancellation
 J - a potion of invisibility
 N - 4 potions of heal wounds {@q2}
Miscellaneous
 d - a phial of floods
   (You found it in an ice cave)
 M - a condenser vane
   (You found it in a bailey)
 Z - a box of beasts
   (You found it on level 5 of the Lair of Beasts)


   Skills:
 + Level 17.3 Fighting
 - Level 14.0 Long Blades
 - Level 20.0 Polearms
 + Level 6.7 Armour
 + Level 13.7 Dodging
 - Level 2.1 Stealth
 + Level 6.2 Invocations
 + Level 6.3 Evocations


You had 15 spell levels left.
You didn't know any spells.
Your spell library contained the following spells:

 Spells                   Type           Power      Damage    Failure   Level
 Apportation              Tloc           0%         N/A       65%         1
 Poisonous Vapours        Pois/Air       0%         N/A       78%         2
 Call Canine Familiar     Summ           0%         N/A       95%         3
 Dazzling Flash           Conj/Hex       0%         N/A       95%         3
 Gell's Gravitas          Tloc           0%         N/A       95%         3
 Ignite Poison            Fire/Tmut/Pois 0%         N/A       95%         3
 Lesser Beckoning         Tloc           0%         N/A       95%         3
 Mephitic Cloud           Conj/Pois/Air  0%         N/A       95%         3
 Ozocubu's Armour         Ice            0%         N/A       95%         3
 Portal Projectile        Hex/Tloc       0%         N/A       95%         3
 Stone Arrow              Conj/Erth      0%         3d7       95%         3
 Teleport Other           Tloc           0%         N/A       95%         3
 Animate Armour           Summ/Erth      0%         N/A       100%        4
 Corpse Rot               Necr/Pois/Air  0%         N/A       100%        4
 Ice Form                 Ice/Tmut       0%         N/A       100%        4
 Iskenderun's Mystic Bla  Conj/Tloc      0%         2d3       100%        4
 Leda's Liquefaction      Hex/Erth       0%         N/A       100%        4
 Alistair's Intoxication  Tmut/Pois      0%         N/A       100%        5
 Freezing Cloud           Conj/Ice/Air   0%         6-21      100%        5
 Metabolic Englaciation   Hex/Ice        0%         N/A       100%        5
 Simulacrum               Ice/Necr       0%         N/A       100%        6
 Starburst                Conj/Fire      0%         6d3       100%        6
 Ozocubu's Refrigeration  Ice            0%         4d7       100%        7
 Storm Form               Tmut/Air       0%         N/A       100%        7
 Lehudib's Crystal Spear  Conj/Erth      0%         10d2      100%        8


Dungeon Overview and Level Annotations

Branches:
Dungeon (15/15) Zot: 26266  Temple (0/1) D:7            Lair (5/5) D:9 Zot: 21703
  Swamp (1/4) Lair:2 Zot: 5638  Spider (0/4) Lair:3        Slime (0/5) Lair:5
    Orc (2/2) D:10 Zot: 10043     Elf (0/3) Orc:2        Vaults (0/5) D:13
 Depths (0/4) D:15         Bailey (visited)           IceCv (visited)
Volcano (visited)

Altars:
Cheibriados
Elyvilon
Hepliaklqana
Kikubaaqudgha
Okawaru
Qazlal
Ru
The Shining One
Jiyva
Lugonu

Shops:
D:5 (   D:6 =?   D:7 !![   Orc:2 **?!(

Portals:
Abyss: Lair:5 Swamp:1

Annotations:
D:12 exclusion: obsidian statue
Swamp:1 2 transporters, Jorgrun; laros's ghost, journeyman MiBe


Innate Abilities, Weirdness & Mutations

Your life essence is reduced to manifest your ancestor. (-10% HP)
You are very nimble when in or above water. (Stealth+, EV+, Speed+++)
Your lower body shifts to a powerful aquatic tail in water.
You are partially covered in iridescent scales. (AC +2)
Your spells are a little harder to cast, but a little more powerful.


Message History

Okay, then.
As you read the scroll of fear, it crumbles to dust.
You assume a fearsome visage.
Jorgrun resists with almost no effort.
The bunyip looks frightened!
The ten-headed hydra looks frightened!
The tyrant leech looks frightened!
You slash Jorgrun!
Your tail-slap misses Jorgrun.
Jorgrun splashes around in the water.
The grasping roots constrict you!
You slice Jorgrun!!
You feel better.
You barely miss Jorgrun.
Jorgrun hits you with a +0 vorpal quarterstaff!
The grasping roots constrict you.
You closely miss Jorgrun. Jorgrun closely misses you.
The grasping roots constrict you!!
You slash Jorgrun!
You feel better.
Your tail-slap misses Jorgrun.
You barely miss Jorgrun.
Jorgrun splashes around in the water.
The grasping roots constrict you!
You barely miss Jorgrun.
Jorgrun splashes around in the water.
The grasping roots constrict you!
You slice Jorgrun!!
You feel better.
Jorgrun hits you with a +0 vorpal quarterstaff!
The grasping roots constrict you!
* * * LOW HITPOINT WARNING * * *
You closely miss Jorgrun.
The tyrant leech seems to regain its courage.
You slash Jorgrun!
You feel better.
Jorgrun says, "'tis place shall be yer tomb!"
Jorgrun splashes around in the water.
The grasping roots constrict you.
* * * LOW HITPOINT WARNING * * *
You closely miss Jorgrun. Jorgrun completely misses you.
The grasping roots constrict you.
* * * LOW HITPOINT WARNING * * *
You slice Jorgrun!! You tail-slap Jorgrun. You hit Jorgrun.
You feel better. Jorgrun completely misses you.
The grasping roots constrict you.
* * * LOW HITPOINT WARNING * * *
You closely miss Jorgrun.
Your tail-slap misses Jorgrun.
Jorgrun misses you. The grasping roots constrict you!
* * * LOW HITPOINT WARNING * * *
You miss Jorgrun. You miss Jorgrun.
Jorgrun splashes around in the water.
The grasping roots constrict you!
* * * LOW HITPOINT WARNING * * *
You feel yourself speed up.
Jorgrun splashes around in the water.
The grasping roots constrict you!
* * * LOW HITPOINT WARNING * * *
The tyrant leech completely misses you.
You closely miss Jorgrun. Jorgrun casts a spell at you.
The iron shot hits you!!
You die...

~...~.~~~♣♣♣♣.~...~.....~.~♣
...........♣♣.~..~~~..~.~~.♣♣
........♣...♣.~~~~~~....~)>.♣
#.......♣....~~.~~~~~~~~~~~.♣
##.###.......~♣♣~~~~~~~~~~~~♣
.###.#...~§.♣♣♣♣~~~§~~~~~.♣♣♣
#....#...§~~.~~.~.~~...♣♣♣♣
#♣..##..~~~~...~~~..♣~~~~
###Y#...~~~~..~~@~~.~...~
∩..##...♣~~~..~gDw~.~...♣
^.##....♣.~~♣♣♣.....~♣♣♣♣
2X#......>..♣ ♣....~.♣
..#......~~~♣.....§~..♣ .
###...~♣♣♣♣...§~~~~.♣ ..#
#"....♣♣.~~~~~§~~.♣
#...##...~♣♣.....~~~.x~§
##..X#©...♣♣♣.....~~..~~.


You could see Jorgrun, a bunyip, a ten-headed hydra and a tyrant leech.

Vanquished Creatures
  Kirke (Lair:5)
  A fire giant (D:15)
  A stone giant (Volcano)
  The ghost of runemage the Blocker, a journeyman GnFi of Ashenzari (Lair:4)
  A bunyip (Swamp:1)
  9 hydras
  Harold (Lair:2)
  A vault guard (D:13)
  Erica (D:9)
  2 two-headed ogres
  A centaur warrior (D:15)
  6 boulder beetles
  3 thrashing horrors (Lair:5)
  A death yak (Lair:4)
  6 orc high priests (Orc:2)
  Sonja (D:10)
  A goliath frog (Swamp:1)
  A skeletal warrior (D:15)
  2 spriggan druids (Swamp:1)
  A deep elf pyromancer (D:12)
  8 orc knights (Orc:2)
  7 ugly things
  A cyclops (D:15)
  4 manticores
  2 ice statues (IceCv)
  4 torpor snails
  A molten gargoyle (Volcano)
  5 black mambas
  5 cane toads
  2 gargoyles
  2 smoke demons (Lair:5)
  Maggie (D:6)
  A rime drake (Lair:4)
  An efreet (Volcano)
  3 ice devils (IceCv)
  3 anaconda simulacra (IceCv)
  A komodo dragon (Lair:4)
  2 ancient zymes (Lair:5)
  2 polar bears (Lair:5)
  5 trolls
  3 slime creatures (D:15)
  A blink frog (shapeshifter) (D:15)
  2 tyrant leeches (Swamp:1)
  6 dream sheep
  39 blink frogs
  Sigmund (D:6)
  2 culicivoras (Lair:3)
  A ynoxinul (Lair:5)
  A shadow (D:10)
  3 dire elephant simulacra (IceCv)
  7 humans (D:13)
  40 yaks
  A spriggan (Lair:5)
  5 wraiths
  6 wyverns
  5 basilisks
  2 chaos spawn (Lair:5)
  5 fire bats (Volcano)
  2 fire elementals (Volcano)
  6 vampire mosquitoes
  A death yak simulacrum (IceCv)
  4 steam dragons
  3 swamp worms
  3 redbacks (Lair:3)
  2 harpy simulacra (IceCv)
  2 hogs (Lair:5)
  3 wargs
  Edmund (D:5)
  An acid dragon (shapeshifter) (D:9)
  4 acid dragons
  19 water moccasins
  A hydra simulacrum (IceCv)
  Duvessa (D:5)
  26 orc warriors
  A sky beast (D:7)
  3 black bears
  An ice beast (D:8)
  A large abomination (Lair:5)
  A wolf (Lair:4)
  2 centaurs
  6 ogres
  2 kobold brigands
  2 earth elementals (Volcano)
  13 bullfrogs
  2 necrophages
  7 small abominations (Lair:5)
  A scorpion (D:5)
  3 wights
  Dowan (D:5)
  3 killer bees
  4 wolf zombies (Bailey)
  A howler monkey (D:10)
  2 vampire bats (Bailey)
  A lava snake (Volcano)
  2 hounds (D:5)
  A jelly (D:8)
  28 orc priests
  Crazy Yiuf (D:3)
  Jessica (D:2)
  3 iguanas
  19 orc wizards
  Natasha (thrice) (D:4)
  3 hell rats (Lair:5)
  Robin (D:3)
  10 adders
  16 gnolls
  A white imp (D:7)
  3 worms
  2 dart slugs
  80 orcs
  7 endoplasms
  2 giant cockroaches
  8 hobgoblins
  4 jackals (D:1)
  5 quokkas
  4 ball pythons
  4 bats
  3 frilled lizards
  17 goblins
  4 kobolds
  14 orc zombies (Bailey)
  4 rats
618 creatures vanquished.

Vanquished Creatures (collateral kills)
  A thorn hunter (Swamp:1)
  A reaper (IceCv)
  Josephine (Orc:2)
  2 hydras
  2 catoblepae
  2 vault guards (D:13)
  A centaur warrior (D:14)
  2 two-headed ogres
  2 skeletal warriors (D:15)
  A bog body (Lair:2)
  A wizard (D:15)
  A lindwurm (Lair:2)
  A cyclops (D:14)
  2 orc sorcerers (Orc:2)
  4 ugly things
  Joseph (D:10)
  Maurice (D:10)
  An unseen horror (D:10)
  Psyche (D:9)
  A gargoyle (Bailey)
  A rime drake (Lair:4)
  A cane toad (Lair:5)
  4 komodo dragons
  3 ice devils (IceCv)
  A tyrant leech (Swamp:1)
  2 trolls
  A polar bear (shapeshifter) (D:13)
  A dream sheep (Lair:4)
  18 blink frogs
  2 large abominations (Lair:5)
  A jumping spider (Lair:3)
  A vampire (Bailey)
  3 shadows
  15 yaks
  A ynoxinul (Lair:5)
  A fire bat (Volcano)
  2 wraiths
  2 basilisks
  2 humans (D:13)
  2 hogs (Lair:5)
  A steam dragon (D:7)
  A vampire mosquito (Swamp:1)
  A redback (Lair:3)
  Menkaure (D:6)
  A warg (D:9)
  A hydra simulacrum (IceCv)
  4 water moccasins
  11 orc warriors
  2 black bears
  A sky beast (D:8)
  A swamp drake (Swamp:1)
  2 ogres (Orc:2)
  2 centaurs
  3 small abominations (Lair:5)
  3 bullfrogs
  2 necrophages
  2 two-headed ogre simulacra (IceCv)
  2 gnoll sergeants (D:10)
  3 wights
  An elephant simulacrum (IceCv)
  3 killer bees (D:8)
  5 wolf zombies (Bailey)
  5 vampire bats (Bailey)
  An electric eel (Lair:2)
  5 lava snakes (Volcano)
  A hound (D:6)
  2 gnoll boudas
  2 jellies
  10 orc priests
  13 orc wizards
  A hell rat (Lair:5)
  A polar bear simulacrum (IceCv)
  6 gnolls
  An ufetubus (D:7)
  53 orcs
  A kobold (D:9)
  8 orc zombies (Bailey)
  A briar patch (Swamp:1)
257 creatures vanquished.

Vanquished Creatures (others)
  A human (Lair:5)
  17 battlemagi
  A kobold (D:9)
  A briar patch (Swamp:1)
  28 fungi
  51 plants
99 creatures vanquished.

Grand Total: 974 creatures vanquished

Notes
Turn   | Place    | Note
-------+----------+-------------------------------------------
     0 | D:1      | GeoRichter the Merfolk Monk began the quest for the Orb.
     0 | D:1      | Reached XP level 1. HP: 18/18 MP: 1/1
   217 | D:1      | Reached XP level 2. HP: 24/24 MP: 2/2
   583 | D:1      | Found a faded altar of an unknown god.
   639 | D:1      | Reached skill level 5 in Long Blades
   639 | D:1      | Reached XP level 3. HP: 29/29 MP: 3/3
  1065 | D:2      | Noticed Jessica
  1072 | D:2      | Killed Jessica
  1073 | D:2      | Reached XP level 4. HP: 35/35 MP: 4/4
  1662 | D:3      | Reached XP level 5. HP: 39/41 MP: 5/5
  1673 | D:3      | Noticed Robin
  2283 | D:3      | Found a runed translucent door.
  2284 | D:3      | Noticed Crazy Yiuf
  2362 | D:3      | Killed Robin
  2890 | D:3      | Killed Crazy Yiuf
  3322 | D:4      | Found a stormy altar of Qazlal.
  3322 | D:4      | Noticed Natasha
  3324 | D:4      | Killed Natasha
  3325 | D:4      | Reached XP level 6. HP: 48/48 MP: 6/6
  3349 | D:4      | Noticed Natasha
  3355 | D:4      | Noticed a black bear
  3365 | D:4      | Noticed a black bear
  3515 | D:4      | Killed a black bear
  3516 | D:4      | Reached skill level 5 in Dodging
  3516 | D:4      | Reached XP level 7. HP: 31/54 MP: 7/7
  3803 | D:4      | Killed Natasha
  4491 | D:4      | Noticed Natasha
  4496 | D:4      | Killed Natasha
  4564 | D:5      | Entered Level 5 of the Dungeon
  4566 | D:5      | Noticed Dowan
  4575 | D:5      | Noticed Duvessa
  4724 | D:4      | Found a stormy altar of Qazlal.
  5423 | D:5      | Found Tunimes's Antique Weapon Boutique.
  5427 | D:5      | Bought a runed rapier for 161 gold pieces
  5453 | D:5      | Killed Dowan
  5685 | D:5      | Reached skill level 5 in Fighting
  5794 | D:5      | HP: 1/56 [ogre/+0 giant club (33)]
  5797 | D:5      | Reached XP level 8. HP: 27/62 MP: 8/8
  6133 | D:5      | Killed Duvessa
  6195 | D:5      | Reached skill level 10 in Long Blades
  6490 | D:5      | Found a hazy altar of Hepliaklqana.
  6490 | D:5      | Found a white marble altar of Elyvilon.
  6498 | D:5      | Found a faded altar of an unknown god.
  6500 | D:5      | Found a glowing golden altar of the Shining One.
  6502 | D:5      | Found a faded altar of an unknown god.
  6551 | D:5      | Noticed Edmund
  6606 | D:5      | Killed Edmund
  6607 | D:5      | Reached skill level 1 in Evocations
  7009 | D:5      | Became a worshipper of Hepliaklqana the Forgotten
  7009 | D:5      | Reached * piety under Hepliaklqana
  7009 | D:5      | Reached ** piety under Hepliaklqana
  7010 | D:5      | Remembered your ancestor Chitauli as a battlemage
  7091 | D:6      | Reached XP level 9. HP: 63/63 MP: 9/9
  7113 | D:6      | Noticed Menkaure
  7114 | D:6      | Found Fani's Magic Scroll Shop.
  7121 | D:6      | Killed Menkaure
  7277 | D:6      | Bought 3 scrolls of identify for 90 gold pieces
  7337 | D:6      | Found Hiytent's Jewellery Shop.
  7482 | D:6      | Noticed Maggie
  7493 | D:6      | Killed Maggie
  7548 | D:6      | Found an ancient bone altar of Kikubaaqudgha.
  7859 | D:6      | Noticed Sigmund
  7867 | D:6      | Killed Sigmund
  8124 | D:7      | Found a staircase to the Ecumenical Temple.
  8142 | D:7      | Found a flagged portal.
  8168 | Bailey   | Entered a bailey
  8305 | Bailey   | Reached skill level 1 in Invocations
  8314 | Bailey   | Reached XP level 10. HP: 59/72 MP: 10/10
  8709 | Bailey   | Noticed a gargoyle
  8847 | Bailey   | Identified the +3 leather armour of Abrual Kavu {-Tele
                  | rPois rN++ Str+4}
  8873 | Bailey   | Killed a gargoyle
  8983 | Bailey   | Identified the ring "Vikef" {Wiz Int+2}
  9255 | D:7      | Found Vywasa's Distillery.
  9260 | D:7      | Bought a potion of heal wounds for 65 gold pieces
  9300 | D:7      | Identified the ring of Tayrubyxe {Drain rElec Str+6 Int+4}
  9448 | D:7      | Found Raptat's Armour Shoppe.
  9494 | D:7      | Found Jacs's Distillery.
  9548 | D:7      | Reached *** piety under Hepliaklqana
 10104 | D:8      | Reached skill level 1 in Armour
 10994 | D:8      | Noticed a boulder beetle
 11011 | D:8      | Killed a boulder beetle
 11012 | D:8      | Reached XP level 11. HP: 66/80 MP: 13/13
 11255 | D:9      | Found an iron altar of Okawaru.
 11265 | D:9      | Noticed Psyche
 11281 | D:9      | Killed Psyche
 11333 | D:9      | Found a staircase to the Lair.
 11397 | D:9      | Reached skill level 10 in Dodging
 11562 | D:9      | Noticed Erica
 11571 | D:9      | Killed Erica
 11609 | D:9      | Reached skill level 10 in Fighting
 11702 | D:9      | Reached **** piety under Hepliaklqana
 11987 | D:10     | Entered Level 10 of the Dungeon
 12054 | D:10     | Noticed Maurice
 12091 | Lair:1   | Entered Level 1 of the Lair of Beasts
 12103 | Lair:1   | Found a frozen archway.
 12110 | IceCv    | Entered an ice cave
 12306 | IceCv    | HP: 3/81 [ice statue] (13)]
 12583 | IceCv    | Identified a scroll of acquirement
 12583 | IceCv    | Acquired 1111 gold pieces
 12888 | IceCv    | Reached skill level 5 in Armour
 13285 | IceCv    | Reached XP level 12. HP: 89/89 MP: 14/14
 13411 | IceCv    | Noticed a reaper
 13422 | IceCv    | Killed a reaper
 13997 | Lair:1   | Noticed a seven-headed hydra
 14011 | Lair:1   | Killed a three-headed hydra
 14296 | Lair:1   | Noticed a seven-headed hydra
 14305 | Lair:1   | Killed a four-headed hydra
 14567 | Lair:1   | Noticed a catoblepas
 14578 | Lair:1   | Killed a catoblepas
 14579 | Lair:1   | Reached skill level 5 in Evocations
 14829 | Lair:1   | Acquired the +7 glaive of Xoetai {vamp, rC+ rN++ MP-9
                  | Str+2}
 15126 | Lair:1   | Reached skill level 1 in Polearms
 15524 | Lair:2   | Reached ***** piety under Hepliaklqana
 15587 | Lair:2   | Reached skill level 2 in Polearms
 15725 | Lair:2   | Noticed Harold
 15732 | Lair:2   | Killed Harold
 15733 | Lair:2   | Reached skill level 3 in Polearms
 16180 | Lair:2   | Reached skill level 4 in Polearms
 16510 | Lair:2   | Found a staircase to the Swamp.
 16518 | Lair:2   | Reached skill level 5 in Polearms
 16844 | Lair:3   | Found a hole to the Spider Nest.
 16847 | Lair:3   | Reached XP level 13. HP: 98/98 MP: 16/16
 16858 | Lair:3   | Reached skill level 6 in Polearms
 17007 | Lair:3   | Found a dark tunnel.
 17054 | Volcano  | Entered a volcano
 17122 | Volcano  | Reached skill level 7 in Polearms
 17366 | Volcano  | Noticed a stone giant
 17396 | Volcano  | Found a bloodstained altar of Trog.
 17410 | Volcano  | Reached skill level 8 in Polearms
 17426 | Volcano  | Killed a stone giant
 17645 | Lair:3   | Found a snail-covered altar of Cheibriados.
 17664 | Lair:3   | Reached skill level 9 in Polearms
 17937 | Lair:3   | Reached skill level 10 in Polearms
 18665 | Lair:4   | Reached skill level 11 in Polearms
 18692 | Lair:4   | Found a runed translucent gate.
 18692 | Lair:4   | Found a runed translucent gate.
 18693 | Lair:4   | Found a runed translucent gate.
 18697 | Lair:4   | Noticed runemage's ghost (journeyman GnFi)
 19539 | Lair:4   | Reached skill level 12 in Polearms
 19668 | Lair:3   | Reached XP level 14. HP: 75/107 MP: 17/17
 19873 | Lair:4   | Got the Almanac of the Barracuda
 19958 | Lair:4   | Reached skill level 13 in Polearms
 20683 | Lair:4   | Killed runemage's ghost
 20702 | Lair:4   | Acquired the ring "Pale" {rF+ rC+ Dex+6}
 20840 | Lair:5   | Entered Level 5 of the Lair of Beasts
 20849 | Lair:5   | Reached skill level 14 in Polearms
 21027 | Lair:5   | Noticed Kirke
 21049 | Lair:5   | Killed Kirke
 21076 | Lair:5   | Reached skill level 15 in Polearms
 21323 | Lair:5   | Reached skill level 15 in Fighting
 21789 | Lair:5   | Reached skill level 16 in Polearms
 22017 | Lair:5   | Found a viscous altar of Jiyva.
 22017 | Lair:5   | Found a staircase to the Slime Pits.
 22518 | Lair:5   | Reached XP level 15. HP: 116/116 MP: 18/18
 22527 | Lair:5   | Reached skill level 17 in Polearms
 22562 | Lair:5   | Found a corrupted altar of Lugonu.
 22562 | Lair:5   | Found a one-way gate to the infinite horrors of the Abyss.
 22569 | Lair:5   | Identified the +7 morningstar of Beogh's Condemnation
                  | {pain, rC+ Dex+3}
 22964 | D:6      | Bought an amulet of regeneration for 420 gold pieces
 23035 | D:7      | Bought a +2 helmet for 214 gold pieces
 23083 | D:6      | Bought a scroll of fear for 60 gold pieces
 23083 | D:6      | Bought a scroll of teleportation for 45 gold pieces
 23121 | D:7      | Bought 2 potions of curing for 84 gold pieces
 23121 | D:7      | Bought a potion of cancellation for 112 gold pieces
 23184 | D:10     | Reached ****** piety under Hepliaklqana
 23236 | D:10     | Killed Maurice
 23278 | D:10     | Found a staircase to the Orcish Mines.
 23409 | D:10     | Noticed Sonja
 23427 | D:10     | Killed Sonja
 23442 | D:10     | Noticed Joseph
 23444 | D:10     | Found a sacrificial altar of Ru.
 23449 | D:10     | Killed Joseph
 23637 | D:10     | Reached skill level 18 in Polearms
 23768 | Orc:1    | Entered Level 1 of the Orcish Mines
 24319 | Orc:2    | Entered Level 2 of the Orcish Mines
 24478 | Orc:2    | Found Pokhyut's Overcharged Wands.
 24485 | Orc:2    | Bought a wand of acid (18) for 1134 gold pieces
 24745 | Orc:2    | Noticed Josephine
 24753 | Orc:2    | Killed Josephine
 25113 | Orc:2    | Gained mutation: You sometimes lose your temper in combat.
                  | [a neqoxec]
 25143 | Orc:2    | Lost mutation: You sometimes lose your temper in combat.
                  | [potion of mutation]
 25143 | Orc:2    | Gained mutation: You are weak. (Str -2) [potion of
                  | mutation]
 25143 | Orc:2    | Gained mutation: You are partially covered in iridescent
                  | scales. (AC +2) [potion of mutation]
 25143 | Orc:2    | Lost mutation: You are weak. (Str -2) [potion of mutation]
 25143 | Orc:2    | Gained mutation: Your spells are a little harder to cast,
                  | but a little more powerful. [potion of mutation]
 25172 | Orc:2    | Found a staircase to the Elven Halls.
 25480 | Orc:2    | Reached skill level 19 in Polearms
 25682 | Orc:2    | Found Ybodullefil's General Store.
 25683 | Orc:2    | Found Kuna's Distillery.
 25683 | Orc:2    | Found Xoolowu's Magic Scroll Boutique.
 25684 | Orc:2    | Found Sikomatz's Antique Weapon Shop.
 25691 | Orc:2    | Bought a potion of mutation for 120 gold pieces
 25691 | Orc:2    | Bought a potion of resistance for 150 gold pieces
 25691 | Orc:2    | Bought a potion of heal wounds for 75 gold pieces
 25693 | Orc:2    | Bought a scroll of enchant armour for 82 gold pieces
 25694 | Orc:2    | Bought a scroll of enchant armour for 105 gold pieces
 26292 | D:11     | Identified the +7 arbalest of Pacseunest {penet, rElec
                  | Str-4 Int-2 SInv}
 27009 | D:12     | Reached skill level 20 in Polearms
 27721 | D:13     | Reached XP level 16. HP: 126/126 MP: 10/19
 27789 | D:13     | Found a gate to the Vaults.
 28346 | D:14     | Reached skill level 5 in Invocations
 29050 | D:15     | Entered Level 15 of the Dungeon
 29355 | D:15     | Found a staircase to the Depths.
 29864 | Swamp:1  | Entered Level 1 of the Swamp
 29876 | Swamp:1  | Acquired the ring of Sloth {Drain Fly rF+ Str+6}
 29911 | Swamp:1  | Noticed a hellephant
 29913 | Swamp:1  | Noticed laros's ghost (journeyman MiBe)
 29913 | Swamp:1  | Noticed a tentacled starspawn
 29924 | Swamp:1  | Noticed a tentacled starspawn
 29930 | Swamp:1  | Found a transporter.
 30032 | Swamp:1  | Noticed a thorn hunter
 30047 | Swamp:1  | Killed a thorn hunter
 30132 | Swamp:1  | Found a transporter.
 30250 | Swamp:1  | Noticed Jorgrun
 30283 | Swamp:1  | Killed from afar by Jorgrun

Illustrated notes

Levels and vault maps discovered:
D:1:      matt_arrival_refuge, layout_loops_ring,
          ebering_ecumenical_altar_abandoned, minmay_misc_feat_enclosed,
          minivault_14, st_stairs_3, minmay_misc_feat_columns,
          hangedman_glass_teeth
D:2:      layout_rooms, uniq_jessica
D:3:      layout_loops_ring, uniq_crazy_yiuf_cottage, uniq_robin
D:4:      layout_basic, nicolae_qazlal_scattered_showers, minmay_misc_feat_chi,
          serial_bayou_pond_d, minmay_hedge_maze, uniq_natasha
D:5:      layout_cave_pools, chequers_temple_overflow_minitemple, serial_shops,
          nicolae_shop_hallway_stairs, grunt_ministairs_8, st_stairs_3,
          uniq_duvessa, uniq_edmund
D:6:      layout_gridville, mainiacjoe_overflow_24_doors, serial_shops,
          nicolae_shop_trees, nicolae_shop_advertising_works
          [nicolae_subvault_shop_adworks], uniq_sigmund, uniq_maggie,
          uniq_menkaure
D:7:      layout_rooms, minmay_temple_entry_mini_moons, enter_bailey_2,
          serial_shops, kennysheep_mini, nicolae_square_shop, shop_fountains,
          roderic_lattice_a, corner_web_ring, chequers_serial_rivers_micro_e
D:8:      layout_basic, special_room [special_room_orc], minmay_pinched_square
D:9:      layout_cross, lemuel_round_altar, erik_lair_orcish_takeover,
          uniq_psyche, uniq_erica
D:10:     minmay_octagon_keep, layout_basic, nicolae_ru_path_of_blood,
          david_orc_2, uniq_maurice, uniq_sonja, uniq_joseph
D:11:     layout_irregular_city
D:12:     layout_loops_ring, minmay_misc_feat_pillars, minivault_16,
          kennysheep_generic_room_13
D:13:     layout_small_grid, ximxim_vaults_locker_room
D:14:     layout_gridville, chequers_serial_rivers_room_a, serial_bayou_crossing
D:15:     grunt_enter_depths_giant_problem, layout_cave_pools
Lair:1:   layout_misc_corridors, portal_ice_cave_entry_pillars_1,
          wad_woods_river_01, grunt_megastairs_3
Lair:2:   layout_regular_city, nicolae_swamp_entry_splash_gauntlet, uniq_harold
Lair:3:   layout_roguey, nicolae_spider_entry_tight_spaces, enter_volcano_2,
          basic_altar, patterned_corridor
Lair:4:   nzn_winding_woodlands_stair_cross [nzn_winding_woodlands_5x15_eye,
          nzn_winding_woodlands_center_lodge, nzn_winding_woodlands_5x15_twine,
          nzn_winding_woodlands_5x5_checkerboard,
          nzn_winding_woodlands_5x5_perimeter,
          nzn_winding_woodlands_5x15_pathside_ponds,
          nzn_winding_woodlands_center_pierced_h,
          nzn_winding_woodlands_5x15_pockets], layout_gridlike,
          gammafunk_ghost_hydra_chop, hibernation_bobbens,
          infiniplex_staircase_pool
Lair:5:   hellmonk_lair_end_abyssal_woods, layout_loops_ring,
          dpeg_slime_entry_corner, uniq_kirke
Swamp:1:  layout_basic_swamp, gammafunk_ghost_abyssal_escape,
          evilmike_swamp_ruin_rubble_1, uniq_jorgrun
Orc:1:    layout_caves, lightli_orcish_oven
Orc:2:    st_orc_pillars, layout_diamond_mine, basic_altar,
          nicolae_shop_overcharged_wands, uniq_josephine

Skill      XL: |  1  2  3  4  5  6  7  8  9 10 11 12 13 14 15 16 |
---------------+-------------------------------------------------+-----
Long Blades    | 4 5 6 7 8 9 10 12 14 | 14.0
Fighting       | 4 5 6 7 9 10 12 13 15 16 17 | 17.3
Dodging        | 5 6 7 9 11 12 13 | 13.7
Evocations     | 1 4 5 6 |  6.3
Invocations    | 1 3 4 6 |  6.2
Armour         | 2 5 6 |  6.7
Polearms       | 5 12 16 20 | 20.0
Stealth        | |  2.1

Action                   |  1- 3 |  4- 6 |  7- 9 | 10-12 | 13-15 | 16-18 || total
-------------------------+-------+-------+-------+-------+-------+-------++-------
Melee: Falchion          |    82 |   186 |    70 |       |       |       ||   338
       Tailslap          |     3 |     1 |    12 |     3 |     2 |     7 ||    28
       Punch             |     1 |     3 |     8 |     6 |    10 |       ||    28
       Long sword        |       |       |    47 |   188 |       |       ||   235
       Rapier            |       |       |   169 |       |       |       ||   169
       Scimitar          |       |       |       |   248 |   281 |       ||   529
       Demon blade       |       |       |       |       |   328 |     8 ||   336
       Glaive            |       |       |       |       |   550 |   228 ||   778
Throw: Dart              |       |     7 |    23 |    10 |     2 |       ||    42
       Javelin           |       |       |       |     6 |     2 |       ||     8
Invok: Ancestor Life: Ba |       |       |     1 |       |       |       ||     1
       Recall Ancestor   |       |       |       |     1 |     5 |     3 ||     9
Evoke: Wand              |       |     4 |     8 |    11 |     1 |       ||    24
       Condenser vane    |       |       |       |     1 |     1 |       ||     2
       Box of beasts     |       |       |       |       |     1 |       ||     1
  Use: Scroll            |       |     7 |     4 |    16 |    13 |     2 ||    42
       Potion            |       |     3 |     1 |     4 |     4 |     2 ||    14
 Stab: Sleeping          |     1 |     2 |     5 |     9 |    10 |     4 ||    31
       Distracted        |       |       |     2 |     8 |    34 |     5 ||    49
       Invisible         |       |       |       |       |    10 |       ||    10
Armor: Scale mail        |    35 |    81 |    53 |       |       |       ||   169
       Ring mail         |       |       |    57 |   101 |   232 |    48 ||   438
Dodge: Dodged            |    52 |    89 |   188 |   231 |   682 |   163 ||  1405
Block: Other             |       |       |       |    51 |    79 |       ||   130
       Reflection        |       |       |       |     3 |       |       ||     3
